 Dungeon Crawl Stone Soup version 0.29.1-12-g30fa7ad0bf (webtiles) character file.

Game seed: 2648776612593145136

46 hawla the Firebug (level 4, -1/33 HPs)
             Began as a Meteoran Fire Elementalist on Dec 28, 2022.
             Slain by a hobgoblin (5 damage)
             ... led by Robin
             ... on level 2 of the Dungeon.
             The game lasted 00:03:34 (594 turns).

hawla the Firebug (Meteoran Fire Elementalist)       Turns: 594, Time: 00:03:35

Health: -1/33      AC:  4    Str:  9    XL:     4   Next: 13%
Magic:  2/9        EV: 13    Int: 18    God:
Gold:   47         SH:  0    Dex: 15    Spells: 2/9 levels left

rFire   . . .      SeeInvis .   (no weapon)
rCold   . . .      Faith    .   (no shield)
rNeg    . . .      Spirit   .   a - +0 robe
rPois   .          Reflect  .   (no helmet)
rElec   .          Harm     .   f - +1 cloak
rCorr   .          Rampage  .   (no gloves)
Will    .....                   (no boots)
Stlth   +.........              (no amulet)
HPRegen 0.11/turn               (no ring)
MPRegen 0.11/turn               (no ring)

@: lethally poisoned (-1 -> -9), glowing
A: sense surroundings 1, otherworldly, glowing, explore regen
a: no special abilities


You were on level 2 of the Dungeon.
You visited 1 branch of the dungeon, and saw 3 of its levels.

You collected 47 gold pieces.

Inventory:

Armour
 a - a +0 robe (worn)
 f - a +1 cloak (worn)
Scrolls
 c - a scroll of fear {unknown}
 d - a scroll of vulnerability {unknown}
 g - a scroll of noise {unknown}
 h - a scroll of identify {unknown}
Potions
 b - a potion of magic
 e - a potion of curing {unknown}


   Skills:
 - Level 2.8 Dodging
 - Level 1.4 Stealth
 - Level 3.3 Spellcasting
 + Level 1.8 Conjurations
 - Level 4.6 Fire Magic


You had 2 spell levels left.
You knew the following spells:

 Your Spells              Type           Power      Damage    Failure   Level
a - Foxfire               Conj/Fire      56%        2x1d6     4%          1
b - Scorch                Fire           38%        2d7       3%          2
c - Flame Wave            Conj/Fire      14%        2d6       38%         4

Your spell library contained the following spells:

 Spells                   Type           Power      Damage    Failure   Level
 Summon Small Mammal      Summ           8%         N/A       16%         1
 Conjure Flame            Conj/Fire      14%        6-21      13%         3
 Inner Flame              Hex/Fire       11%        N/A       19%         3
 Call Canine Familiar     Summ           2%         N/A       43%         3
 Summon Guardian Golem    Hex/Summ       2%         N/A       43%         3


Dungeon Overview and Level Annotations

Branches:
Dungeon (3/15) Zot: 1201

Altars:

Annotations:
D:3 Robin


Innate Abilities, Weirdness & Mutations

You passively map a small area around you.
You are easily found by Zot.
You glow in the dark.
You regain HP and MP as you explore.


Message History

You climb downwards.
Level annotation: Robin Robin throws the goblin at you!
The hobgoblin closely misses you.
A hobgoblin comes into view.
The goblin hits you but does no damage.
You are poisoned.
A goblin comes into view. It is wielding a +0 dagger.
There is a stone staircase leading up here.
You feel very sick.
The hobgoblin shouts!
Robin roars a battlecry!
The goblins go into a battle-frenzy!
The hobgoblin closely misses you. The goblin closely misses you.
You hear a shout!
You climb upwards.
You feel very sick.
There is a stone staircase leading down here.
Casting: Scorch (safe; 3% risk of failure)
Confirm with . or Enter, or press ? or * to list all spells.
You conjure some foxfire!
You feel sick. The hobgoblin hits you.
* * * LOW HITPOINT WARNING * * *
The goblin hits you but does no damage.
You are lethally poisoned!
Casting: Foxfire (safe; 4% risk of failure)
Confirm with . or Enter, or press ? or * to list all spells.
Flames lash the goblin.
You kill the goblin!
* * * LOW HITPOINT WARNING * * *
You feel sick.
The foxfire hits the hobgoblin.
The hobgoblin is moderately wounded.
The foxfire hits the hobgoblin.
The hobgoblin is heavily wounded.
The hobgoblin completely misses you.
Casting: Scorch (safe; 3% risk of failure)
Confirm with . or Enter, or press ? or * to list all spells.
You conjure some foxfire!
* * * LOW HITPOINT WARNING * * *
You feel very sick. The hobgoblin hits you.
You die...

, * * * * , * * ,,
,, , ** * ** * *####
###### #######....
#.v§.# ###.<........
#.v@)###..).....####
#.g))......######
#....####### #....#
######


You could see a hobgoblin (strong, ally target).

Vanquished Creatures
  A white imp (D:3)
  A dart slug (D:1)
  3 ball pythons
  A bat (D:1)
  3 endoplasms
  3 giant cockroaches (D:1)
  2 hobgoblins (D:3)
  3 jackals
  9 goblins
  3 kobolds
  3 rats
32 creatures vanquished.

Vanquished Creatures (others)
  58 foxfires
58 creatures vanquished.

Grand Total: 90 creatures vanquished

Notes
Turn   | Place    | Note
-------+----------+-------------------------------------------
     0 | D:1      | hawla the Meteoran Fire Elementalist began the quest for
                  | the Orb.
     0 | D:1      | Reached XP level 1. HP: 14/14 MP: 5/5
    46 | D:1      | Reached XP level 2. HP: 20/20 MP: 1/6
    50 | D:1      | Learned a level 2 spell: Scorch
    56 | D:1      | Found a faded altar of an unknown god.
   105 | D:1      | Reached skill level 4 in Fire Magic
   259 | D:1      | Reached XP level 3. HP: 25/26 MP: 1/8
   442 | D:3      | Reached XP level 4. HP: 33/33 MP: 6/9
   445 | D:3      | Noticed Robin
   447 | D:3      | Learned a level 4 spell: Flame Wave
   594 | D:2      | Slain by a hobgoblin

Illustrated notes

Levels and vault maps discovered:
D:1:      tarquinn_simple_flora_water_e, layout_rooms,
          ebering_ecumenical_altar_rust
D:2:      layout_rooms, dreamdust_princess_bridge, grunt_decor_junction,
          uniq_sigmund, uniq_jessica, uniq_natasha
D:3:      layout_basic, nicolae_uskayaw_murder_on_the_dancefloor, uniq_robin

Skill      XL: |  1  2 |
---------------+-------+-----
Fire Magic     | 4 |  4.6
Spellcasting   | 3 |  3.3
Dodging        | |  2.8
Stealth        | |  1.4
Conjurations   | |  1.8

Action                   |  1- 3 |  4- 6 || total
-------------------------+-------+-------++-------
Melee: Unarmed           |    12 |       ||    12
 Cast: Foxfire           |    33 |     2 ||    35
       Scorch            |    10 |     4 ||    14
  Use: Potion            |     1 |       ||     1
Armor: Robe              |     9 |     4 ||    13
Dodge: Dodged            |    30 |    11 ||    41
